 Dungeon Crawl Stone Soup version 0.19-a0-49-gb8736b8 (webtiles) character file.

7237 jyri the Bludgeoner (level 10, -1/114 (115) HPs)
             Began as a Minotaur Berserker on May 6, 2016.
             Was a High Priest of Trog.
             Slain by a manticore (15 damage)
             ... on level 9 of the Dungeon.
             The game lasted 00:32:17 (9259 turns).

jyri the Bludgeoner (Minotaur Berserker)            Turns: 9259, Time: 00:32:18

HP:   -1/114 (115)  AC: 11    Str: 29    XL:     10   Next: 88%
MP:   9/9           EV: 10    Int:  4    God:    Trog [*****.]
Gold: 502           SH:  3    Dex: 14    Spells: 0 memorised, 9 levels left

rFire  . . .     SeeInvis .     a - +4 flail (holy)
rCold  . . .     Gourm    .     u - +2 scale mail {MR+}
rNeg   . . .     Faith    .     f - +0 buckler
rPois  +         Spirit   .     p - +1 hat
rElec  .         Dismiss  .     j - +0 cloak
rCorr  .         Reflect  .     (no gloves)
SustAt .         Harm     .     L - +0 pair of boots
MR     +++..                    (no amulet)
Stlth  ..........               T - +3 ring of dexterity
                                K - ring of poison resistance

@: berserking, manticore barbs, regenerating, very quick, extremely resistant to
hostile enchantments, extremely unstealthy
A: retaliatory headbutt, horns 2
a: Berserk, Trog's Hand, Brothers in Arms, Burn Spellbooks, Renounce Religion


You were on level 9 of the Dungeon.
You worshipped Trog.
Trog was extremely pleased with you.
You were not hungry.

You visited 1 branch of the dungeon, and saw 10 of its levels.

You collected 502 gold pieces.

Inventory:

Hand Weapons
 a - a +4 flail of holy wrath (weapon)
 b - a +0 hunting sling
 k - a +0 blowgun
 J - a +0 shortbow
Missiles
 g - 80 poisoned needles
 h - 165 stones (quivered)
 n - 4 tomahawks
 q - 79 bolts
 s - 50 sling bullets
 E - 67 arrows
 G - 4 throwing nets
Armour
 f - a +0 buckler (worn)
 j - a +0 cloak (worn)
 p - a +1 hat (worn)
 u - a +2 scale mail of magic resistance (worn)
 L - a +0 pair of boots (worn)
 N - a +0 shield
Jewellery
 z - an uncursed ring of protection from magic
 D - an uncursed amulet of rage
 K - a ring of poison resistance (left hand)
 T - a +3 ring of dexterity (right hand)
 U - an uncursed ring of protection from magic
Wands
 d - a wand of random effects (26/48)
 w - a wand of digging (13/24)
 H - a wand of disintegration (10/24)
 P - a wand of lightning (6/15)
 V - a wand of lightning (10/15)
Scrolls
 i - 4 scrolls of teleportation
 r - 3 scrolls of recharging
 y - 2 scrolls of amnesia {unknown}
 M - 2 scrolls of magic mapping
 W - a scroll of fog {unknown}
 X - a scroll of enchant armour {unknown}
Potions
 e - 2 potions of agility
 l - a potion of heal wounds {unknown}
 m - 2 potions of degeneration {unknown}
 o - 4 potions of curing
 t - 2 potions of ambrosia {unknown}
 v - a potion of mutation {unknown}
 x - a potion of cancellation {unknown}
 A - a potion of magic {unknown}
 B - a potion of flight {unknown}
 C - a potion of resistance {unknown}
 I - a potion of haste
 O - a potion of brilliance {unknown}
 R - a potion of lignification {unknown}
Comestibles
 c - 6 bread rations
 F - a fruit
 Q - a chunk of flesh
 S - 3 meat rations
 Y - a slice of pizza


   Skills:
 - Level 3.6 Fighting
   Level 10.3(14.4) Axes
 + Level 16.2(17.2) Maces & Flails
 - Level 2.4 Armour
 - Level 2.1 Dodging


You had 9 spell levels left.
You didn't know any spells.

Dungeon Overview and Level Annotations

Branches:
Dungeon (10/15)            Temple (0/1) D:6
   Lair: D:8-11         Orc: D:9-12

Altars:
Ashenzari
Elyvilon
Fedhas
Gozag
Nemelex Xobeh
Okawaru
Qazlal
Ru
Sif Muna
Trog
Xom
Yredelemnul
The Shining One

Shops:
D:6 }


Innate Abilities, Weirdness & Mutations

You reflexively headbutt those who attack you in melee.
You have a pair of horns on your head.


Message History

You headbutt the manticore! You block the manticore's attack.
The manticore claws you!
You thump the manticore!
You headbutt the manticore, but do no damage.
The manticore is severely wounded.
The manticore closely misses you. You furiously retaliate!
You headbutt the manticore. The manticore closely misses you.
The manticore claws you!
* * * LOW HITPOINT WARNING * * *
Your skin crawls.
You feel resistant to hostile enchantments.
You feel slightly more hungry. You block the manticore's attack.
The manticore claws you!
* * * LOW HITPOINT WARNING * * *
The manticore claws you.
* * * LOW HITPOINT WARNING * * *
A red film seems to cover your vision as you go berserk!
You feel yourself moving faster!
You feel mighty!
You feel somewhat more hungry. The manticore bites you!
You die...

##.........).....
##.........).)....
##.................
##..................
##...................
##....................
##.......<.............
##......................
#......@)...............
...$..H)................
%....(..................
........................
........................
........................
./.................### .
(..................### .
................###


You could see a manticore.

Vanquished Creatures
  Erolcha (D:9)
  A hydra (D:9)
  2 hill giants (D:9)
  The ghost of Qrupt the Sneak, a novice KoAs of Pakellas (D:6)
  Grinder (D:3)
  The ghost of jyri the Vexing, an amateur SpEn of Dithmenos (D:5)
  2 hippogriffs
  Edmund (D:4)
  2 sky beasts
  An orc warrior (D:9)
  An ice beast (D:6)
  A phantom (D:4)
  3 ogres
  2 necrophages
  2 centaurs
  5 giant frogs
  3 scorpions
  10 killer bees
  13 wights
  6 crimson imps
  A giant frog zombie (D:7)
  A wasp zombie (D:8)
  5 hounds
  4 jellies
  A quasit (D:8)
  4 orc priests
  2 iguanas (D:5)
  2 centaur skeletons
  2 giant frog skeletons
  4 orc wizards
  Terence (D:2)
  Natasha (thrice) (D:3)
  2 worker ants
  A killer bee zombie (D:8)
  Robin (D:4)
  A worker ant zombie (D:5)
  4 gnolls (D:5)
  11 adders
  3 shadow imps
  An ooze (D:3)
  An adder zombie (D:9)
  An adder skeleton (D:6)
  4 worms
  3 giant geckos
  32 orcs
  6 bats
  5 giant cockroaches
  19 goblins
  7 hobgoblins
  11 jackals
  6 quokkas
  4 giant newts
  A jackal skeleton (D:8)
  A jackal zombie (D:8)
  11 kobolds
  8 rats
  A fungus (D:3)
234 creatures vanquished.

Vanquished Creatures (others)
  3 fungi (D:3)
3 creatures vanquished.

Grand Total: 237 creatures vanquished

Notes
Turn   | Place    | Note
--------------------------------------------------------------
     0 | D:1      | jyri the Minotaur Berserker began the quest for the Orb.
     0 | D:1      | Reached XP level 1. HP: 19/19 MP: 0/0
   246 | D:1      | Reached XP level 2. HP: 25/26 MP: 1/1
   781 | D:2      | Reached skill level 5 in Axes
   781 | D:2      | Reached XP level 3. HP: 29/31 MP: 2/2
   826 | D:2      | Found a sparkling altar of Nemelex Xobeh.
   837 | D:2      | Reached ** piety under Trog
  1037 | D:2      | Found a shimmering altar of Xom.
  1106 | D:2      | Found a sacrificial altar of Ru.
  1419 | D:2      | Found a glowing golden altar of the Shining One.
  1420 | D:2      | Noticed Terence
  1427 | D:2      | Killed Terence
  1427 | D:2      | Reached XP level 4. HP: 39/39 MP: 3/3
  1843 | D:3      | Found a blossoming altar of Fedhas.
  1954 | D:3      | Noticed Grinder
  1960 | D:3      | Killed Grinder
  1960 | D:3      | Reached XP level 5. HP: 42/45 MP: 4/4
  1960 | D:3      | Reached XP level 6. HP: 48/51 MP: 5/5
  2085 | D:3      | Noticed Natasha
  2095 | D:3      | Killed Natasha
  2342 | D:3      | Noticed Natasha
  2344 | D:3      | Killed Natasha
  2640 | D:3      | Noticed Natasha
  2647 | D:3      | Noticed a sky beast
  2651 | D:3      | Killed Natasha
  2655 | D:3      | Reached *** piety under Trog
  2665 | D:3      | Killed a sky beast
  2665 | D:3      | Reached XP level 7. HP: 57/57 MP: 6/6
  2760 | D:3      | Found a shattered altar of Ashenzari.
  2889 | D:4      | Noticed Edmund
  2911 | D:4      | Killed Edmund
  2911 | D:4      | Reached skill level 10 in Axes
  2922 | D:4      | Noticed Robin
  2961 | D:4      | Killed Robin
  3044 | D:4      | Found a white marble altar of Elyvilon.
  3122 | D:4      | Reached skill level 1 in Maces & Flails
  3187 | D:4      | Reached skill level 2 in Maces & Flails
  3189 | D:4      | Reached **** piety under Trog
  3348 | D:4      | Reached skill level 3 in Maces & Flails
  3570 | D:5      | Entered Level 5 of the Dungeon
  3644 | D:5      | Reached skill level 4 in Maces & Flails
  3706 | D:5      | Reached XP level 8. HP: 63/64 MP: 7/7
  3709 | D:5      | Reached skill level 5 in Maces & Flails
  4006 | D:5      | Reached skill level 6 in Maces & Flails
  4390 | D:5      | Found a basalt altar of Yredelemnul.
  4397 | D:5      | Reached skill level 7 in Maces & Flails
  4561 | D:5      | Noticed jyri's ghost (amateur SpEn)
  4574 | D:5      | Killed jyri's ghost
  4574 | D:5      | Reached skill level 8 in Maces & Flails
  4944 | D:6      | Found an iron altar of Okawaru.
  5102 | D:6      | Reached skill level 9 in Maces & Flails
  5243 | D:6      | Found Iruhosed's Gadget Boutique.
  5418 | D:6      | Found a bloodstained altar of Trog.
  5539 | D:6      | Found a staircase to the Ecumenical Temple.
  5665 | D:6      | Noticed Qrupt's ghost (novice KoAs)
  5679 | D:6      | Killed Qrupt's ghost
  5679 | D:6      | Reached skill level 10 in Maces & Flails
  5679 | D:6      | Reached XP level 9. HP: 69/69 MP: 8/8
  6249 | D:7      | Found an opulent altar of Gozag.
  6288 | D:7      | Reached skill level 11 in Maces & Flails
  6571 | D:7      | Reached skill level 12 in Maces & Flails
  6990 | D:7      | Found a deep blue altar of Sif Muna.
  6991 | D:7      | Found a stormy altar of Qazlal.
  7125 | D:8      | Reached skill level 13 in Maces & Flails
  7632 | D:8      | Reached ***** piety under Trog
  7854 | D:8      | Reached XP level 10. HP: 63/76 MP: 9/9
  8178 | D:9      | Noticed an eight-headed hydra
  8195 | D:9      | Killed an eight-headed hydra
  8195 | D:9      | Reached skill level 14 in Maces & Flails
  8436 | D:9      | Noticed Erolcha
  8449 | D:9      | Killed Erolcha
  8449 | D:9      | Reached skill level 15 in Maces & Flails
  8529 | D:9      | Noticed a hill giant
  8540 | D:9      | Killed a hill giant
  8706 | D:9      | Noticed a hill giant
  8716 | D:9      | Killed a hill giant
  8716 | D:9      | Reached skill level 16 in Maces & Flails
  8724 | D:10     | Entered Level 10 of the Dungeon
  9242 | D:9      | Noticed a manticore
  9259 | D:9      | Slain by a manticore

Vault maps used:
D:1:      kennysheep_arrival_forest
D:2:      nicolae_overflow_crystal_walls, lemuel_crystal_altar, tgw_xom,
          first_bread, minmay_misc_feat_ornament,
          nemelex_xobeh_ov_fountains_minmay, uniq_terence
D:3:      lemuel_coloured_pillars_altar, fedhas_altar_3, uniq_natasha,
          uniq_grinder
D:4:      lemuel_doored_altar, uniq_robin, uniq_edmund
D:5:      lemuel_round_altar, enter_ossuary_5
D:6:      okawaru_gym_becter, bloody_trog, minmay_temple_entry_statues_pillars,
          serial_shops, shop
D:7:      lemuel_ice_spiral_2, grunt_gozag_breadcrumbs,
          gammafunk_temple_overflow_statue
D:9:      overflow_temple_1_default, orc_0_dummy, uniq_erolcha

Skill      XL: |  1  2  3  4  5  6  7  8  9 10 |
---------------+-------------------------------+-----
Axes           | 4 5 6 8 9 10 | 10.3
Maces & Flails | 4 10 13 16 | 16.2
Fighting       | |  3.6
Armour         | |  2.4
Dodging        | |  2.1

Action                   |  1- 3 |  4- 6 |  7- 9 | 10-12 || total
-------------------------+-------+-------+-------+-------++-------
Melee: Hand axe          |    65 |    88 |    24 |       ||   177
       Headbutt          |     5 |    19 |    52 |    26 ||   102
       Flail             |       |       |   281 |    94 ||   375
 Fire: Hunting sling     |       |       |       |    16 ||    16
Invok: Berserk           |     3 |     3 |     9 |     7 ||    22
       Trog's Hand       |       |       |     1 |     2 ||     3
       Burn Spellbooks   |       |       |     1 |       ||     1
  Use: Scroll            |       |     3 |     4 |     1 ||     8
       Potion            |       |       |       |     1 ||     1
  Eat: Chunk             |     3 |     7 |    12 |    11 ||    33
       Fruit             |     1 |       |     8 |       ||     9
       Pizza             |       |       |     2 |       ||     2
       Bread ration      |       |       |     1 |       ||     1
Armor: Animal skin       |     1 |       |       |       ||     1
       Leather armour    |    16 |       |       |       ||    16
       Scale mail        |       |    24 |   118 |    43 ||   185
Dodge: Dodged            |    32 |    32 |   141 |    54 ||   259
Block: Buckler           |     5 |     9 |    21 |    21 ||    56
